Map: Fields of Death

Players

Night - Winner!

  • Race: Zerg Zerg
  • Spawn Location: 7:00

Dreamer

  • Race: Terran Terran
  • Spawn Location: 12:00

KingKong

  • Race: Terran Terran
  • Spawn Location: 12:00

PracticeX - Winner!

  • Race: Terran Terran
  • League: Grandmaster
  • Spawn Location: 6:00

VOD

Have the link to the VOD?

Description

Time

  • Played on: April 1, 2017, 10:19 p.m.
  • Length: 24:38
Show
View Real Time Build Order
Export as new Build Order

Night Zerg - Winner!

Build Orders: Hatch First, Muta Ling Bane 

Get SALT Encoding   

  12  0:01  Drone  
  13  0:12  Overlord  
  13  0:18  Drone  
  14  0:32  Drone x2  
  16  0:36  Drone  
  17  0:52  Hatchery  
  17  0:56  Drone  
  17  0:59  Drone  
  18  1:04  Extractor  
  17  1:15  Spawning Pool  
  17  1:17  Drone  
  17  1:20  Drone  
  18  1:30  Drone  
  19  1:40  Overlord  
  19  1:54  Drone  
  20  2:02  Queen  
  20  2:03  Zergling x2  
  20  2:06  Queen, Metabolic Boost  
  25  2:09  Drone  
  25  2:12  Drone  
  27  2:16  Drone  
  29  2:22  Drone  
  29  2:32  Zergling x2  
  29  2:35  Drone  
  30  2:41  Drone  
  31  2:44  Queen  
  31  2:45  Overlord  
  33  2:53  Drone  
  33  2:56  Drone  
  35  2:58  Drone  
  35  3:02  Hatchery  
  35  3:05  Drone  
  36  3:09  Drone  
  37  3:18  Drone  
  38  3:24  Overlord  
  39  3:27  Drone x4  
  39  3:30  Drone  
  42  3:35  Zergling x2  
  42  3:38  Lair  
  42  3:40  Spore Crawler  
  42  3:44  Zergling x2  
  42  3:45  Zergling x2  
  44  3:48  Extractor  
  44  3:49  Zergling x2, Extractor  
  44  3:53  Zergling x4  
  45  3:59  Drone  
  45  4:01  Drone x2  
  45  4:02  Drone x2, Extractor  
  49  4:06  Overlord  
  49  4:12  Drone  
  49  4:13  Queen  
  52  4:19  Drone x2  
  52  4:22  Spore Crawler  
  53  4:27  Drone x3  
  56  4:36  Drone x2  
  56  4:38  Overseer  
  58  4:41  Spire  
  58  4:43  Drone x5  
  62  4:49  Drone x3  
  65  5:03  Overlord x3  
  65  5:04  Extractor  
  65  5:06  Extractor  
  63  5:12  Baneling Nest  
  62  5:18  Zergling x8  
  66  5:21  Overlord x2  
  66  5:26  Drone x2  
  66  5:27  Drone x4  
  72  5:33  Drone x3  
  72  5:35  Drone  
  76  5:36  Drone  
  75  5:52  Drone x2  
  75  5:53  Drone x3  
  75  5:55  Mutalisk x2, Zerg Flyer Weapons Level 1  
  84  6:01  Overseer  
  84  6:04  Mutalisk x2  
  84  6:09  Drone x2  
  84  6:11  Drone  
  91  6:12  Drone x2  
  91  6:16  Mutalisk x2  
  97  6:23  Centrifical Hooks  
  97  6:24  Infestation Pit  
  96  6:26  Mutalisk  
  98  6:35  Hatchery  
  97  6:40  Overlord x3  
  97  6:45  Overlord  
  97  6:46  Overlord  
  97  6:47  Overlord  
  97  6:58  Overlord, Mutalisk x3  
  97  6:59  Mutalisk x2  
  107  7:04  Hive  
  107  7:07  Drone x3  
  110  7:14  Drone x2  
  112  7:18  Infestor x3  
  116  7:25  Drone x3  
  116  7:26  Overlord  
  117  7:33  Mutalisk x3  
  123  7:40  Extractor  
  123  7:42  Extractor  
  123  7:43  Baneling  
  123  7:44  Baneling x2  
  121  7:48  Hatchery  
  120  7:59  Queen  
  120  8:00  Drone x3  
  120  8:01  Drone x6  
  129  8:17  Overlord x4  
  129  8:23  Greater Spire  
  118  8:44  Corruptor x5  
  118  8:45  Corruptor x4  
  134  8:50  Zergling x2  
  134  8:51  Zergling x14  
  120  9:11  Corruptor x4  
  120  9:13  Zergling x10  
  120  9:14  Zergling x16  
  120  9:15  Queen x3  
  145  9:17  Zergling x6  
  145  9:18  Zergling x2  
  145  9:23  Baneling x5  
  145  9:24  Baneling x2  
  125  9:36  Brood Lord  
  125  9:37  Brood Lord x2  
  87  9:47  Brood Lord  
  87  9:48  Brood Lord x2  
  87  9:49  Zergling x2  
  87  9:50  Zergling x20  
  99  9:58  Queen  
  89  10:24  Lair  
  89  10:28  Roach Warren  
  86  10:31  Evolution Chamber  
  86  10:32  Evolution Chamber  
  83  10:45  Drone x3, Hatchery  
  83  10:48  Hatchery  
  84  10:53  Drone x3  
  84  10:56  Drone  
  89  10:57  Drone  
  85  11:26  Roach x9  
  99  11:42  Glial Reconstitution  
  99  11:43  Zerg Ground Armor Level 1, Zerg Missile Weapons Level 1  
  99  11:56  Roach x3  
  99  11:57  Roach x2  
  99  11:59  Queen  
  99  12:00  Drone x2  
  103  12:26  Spire  
  98  12:32  Roach x2  
  98  12:33  Roach x7  
  116  12:38  Drone x3  
  116  12:43  Ravager x2  
  106  13:11  Roach  
  106  13:12  Roach x5  
  118  13:18  Drone x3  
  119  13:20  Extractor  
  119  13:21  Extractor  
  119  13:23  Ravager x4  
  121  13:29  Drone x3, Queen  
  114  13:41  Drone  
  114  13:42  Drone x2  
  117  14:05  Queen  
  119  14:10  Roach  
  119  14:11  Roach x9  
  135  14:22  Zerg Ground Armor Level 2, Zerg Missile Weapons Level 2  
  135  14:29  Drone  
  135  14:30  Drone x5  
  141  14:40  Roach x3  
  141  14:42  Hatchery  
  146  14:46  Roach x2  
  146  14:49  Ravager  
  146  14:50  Ravager  
  152  14:54  Roach x2  
  152  14:55  Roach  
  150  15:12  Roach x7  
  150  15:13  Roach  
  152  15:33  Extractor  
  151  15:36  Infestation Pit  
  150  15:46  Roach  
  150  15:47  Roach x5  
  150  15:49  Overlord x3  
  160  16:04  Overlord x2  
  144  16:13  Infestor  
  144  16:14  Infestor x5  
  144  16:16  Pathogen Glands  
  136  16:24  Roach x2  
  136  16:25  Roach x3  
  139  16:54  Drone x2  
  119  17:09  Roach x9  
  124  17:17  Roach x4  
  124  17:19  Burrow  
  128  17:30  Roach x4, Hatchery  
  133  17:43  Roach x4  
  133  17:44  Roach  
  143  17:47  Hatchery  
  134  17:52  Roach  
  134  17:53  Roach x3  
  126  18:06  Roach x2  
  126  18:07  Roach x5  
  137  18:21  Roach  
  137  18:22  Roach x3  
  141  18:32  Roach x4  
  69  18:50  Roach x8  
  75  19:02  Roach x3  
  76  19:07  Hive  
  69  19:17  Drone  
  69  19:18  Drone  
  69  19:22  Drone x2  
  70  19:30  Roach x2  
  70  19:31  Roach x4  
  81  19:33  Hatchery  
  80  19:39  Roach x2  
  84  19:49  Roach x3  
  74  19:58  Roach x3  
  74  20:06  Roach x2  
  74  20:07  Roach x5  
  86  20:25  Roach x8  
  96  20:40  Roach x4  
  96  21:01  Roach x4  
  96  21:02  Roach x2  
  108  21:07  Drone x4  
  108  21:24  Roach  
  108  21:25  Roach x4  
  96  21:35  Roach x3  
  96  21:49  Roach x6  
  90  22:08  Roach x6  
  78  22:09  Roach  
  78  22:12  Ravager  
  78  22:13  Ravager  
  83  22:23  Roach x2  
  87  22:51  Roach x2  
  87  22:52  Roach x4  
  99  23:01  Ravager x2  
  101  23:07  Roach x2  
  105  23:25  Roach x2  
  105  23:26  Roach  
  111  23:33  Infestor  
  113  23:36  Drone x2  
  84  24:00  Infestor x3  
Show
View Real Time Build Order
Export as new Build Order

Dreamer Terran 

Build Orders: Liberator Opening, Reaper Expand, Mech 

Get SALT Encoding   

  12  0:01  SCV  
  13  0:13  SCV  
  14  0:18  Supply Depot  
  14  0:25  SCV  
  15  0:31  Refinery  
  15  0:40  SCV  
  16  0:45  Barracks  
  16  0:52  SCV  
  17  1:04  SCV  
  18  1:16  SCV  
  19  1:32  Reaper, Orbital Command  
  20  1:46  Command Center  
  20  1:58  SCV  
  21  2:10  Barracks Reactor, SCV  
  21  2:15  Factory, Refinery  
  22  2:22  SCV  
  23  2:24  Supply Depot  
  23  2:41  SCV  
  23  2:46  Marine x2  
  25  2:53  SCV  
  25  2:57  Orbital Command  
  26  2:59  Factory Tech Lab  
  26  3:02  Starport  
  26  3:05  SCV, Marine  
  27  3:08  Marine  
  29  3:17  SCV  
  29  3:19  Siege Tank  
  33  3:23  Liberator, SCV  
  34  3:29  SCV  
  34  3:34  Marine x2  
  36  3:35  SCV  
  41  3:41  SCV  
  41  3:47  SCV, Supply Depot  
  43  3:54  SCV  
  44  3:57  Refinery  
  44  4:00  SCV  
  45  4:08  Siege Tank  
  48  4:13  Command Center  
  48  4:16  SCV x2  
  50  4:18  Marine x2  
  52  4:28  SCV  
  52  4:29  SCV  
  54  4:31  Supply Depot  
  54  4:33  Supply Depot  
  54  4:37  Liberator  
  54  4:41  Supply Depot  
  54  4:53  Siege Tank, SCV x2, Marine x2  
  61  5:05  Factory, SCV x2  
  63  5:12  Marine x2  
  65  5:17  SCV x2  
  67  5:22  Factory, Refinery  
  67  5:26  Orbital Command  
  67  5:29  Siege Tank, SCV x2  
  72  5:41  SCV x2  
  74  5:48  Engineering Bay  
  74  5:54  SCV x2, Orbital Command  
  76  5:58  Factory Tech Lab, Factory  
  76  6:03  Armory  
  76  6:05  Armory  
  76  6:06  SCV x2  
  76  6:10  Factory Reactor  
  78  6:18  SCV x2, Command Center  
  80  6:23  Supply Depot  
  80  6:29  SCV  
  80  6:32  Infernal Pre-Igniter  
  78  6:38  SCV  
  78  6:39  SCV, Command Center  
  80  6:42  Supply Depot  
  80  6:43  SCV  
  80  6:44  Supply Depot  
  81  6:52  Missile Turret x2  
  81  6:53  Missile Turret  
  81  6:54  Missile Turret  
  81  6:55  Missile Turret  
  81  6:56  Factory Reactor  
  81  6:58  Missile Turret x2  
  81  7:03  Thor  
  87  7:15  Thor  
  93  7:21  SCV  
  94  7:28  Hellion x2  
  94  7:29  Terran Vehicle Weapons Level 1, Terran Vehicle And Ship Armor Level 1  
  98  7:30  SCV  
  98  7:31  SCV  
  98  7:35  SCV  
  100  7:39  Orbital Command, Barracks  
  100  7:43  SCV  
  101  7:45  SCV  
  101  7:47  Hellion x2, Siege Tank  
  101  7:49  Viking x2  
  113  7:51  SCV  
  114  7:58  Siege Tank  
  114  7:59  Hellion x2  
  114  8:04  Orbital Command  
  114  8:05  Refinery  
  121  8:06  Refinery  
  121  8:11  Hellion  
  123  8:14  Hellion  
  123  8:18  SCV  
  129  8:20  Siege Tank  
  129  8:24  Hellion  
  130  8:29  Hellion  
  130  8:30  Siege Tank  
  130  8:33  Hellion  
  137  8:43  Hellion  
  137  8:45  Hellion  
  137  8:52  Siege Tank  
  144  8:55  Hellion x2  
  142  9:03  Siege Tank  
  136  9:12  Hellion, SCV  
  136  9:13  SCV  
  130  9:18  Viking, Supply Depot  
  130  9:20  Supply Depot  
  130  9:21  Supply Depot  
  130  9:24  Siege Tank  
  135  9:26  Hellion  
  134  9:35  Siege Tank  
  134  9:36  Hellion  
  134  9:37  Hellion  
  139  9:44  Hellion  
  127  9:56  Siege Tank  
  121  10:06  Hellion x4  
  123  10:07  Siege Tank  
  123  10:11  Orbital Command  
  102  10:24  SCV x2  
  102  10:27  Hellion  
  102  10:28  Siege Tank  
  104  10:31  Hellion x3  
  104  10:33  Starport  
  104  10:35  Starport  
  110  10:39  Hellion, SCV x2  
  108  10:47  Terran Vehicle And Ship Armor Level 2  
  108  10:49  Hellion, Viking x2  
  114  10:52  Hellion  
  114  10:53  Hellion x2  
  114  10:54  SCV  
  114  10:56  Terran Vehicle Weapons Level 2  
  121  11:00  Siege Tank x2  
  121  11:01  SCV  
  121  11:03  SCV x3, Refinery  
  121  11:04  Refinery  
  131  11:10  Hellion  
  127  11:14  Hellion x2  
  121  11:19  Hellion, Viking x2  
  121  11:24  Viking x2  
  116  11:31  Hellion  
  118  11:32  Hellion  
  118  11:37  Hellion  
  118  11:40  Thor  
  118  11:43  Hellion x2  
  118  11:45  SCV  
  118  11:46  SCV  
  128  11:49  Viking x2  
  128  11:54  Viking  
  129  11:58  Viking  
  129  11:59  Hellion x3  
  137  12:04  Hellion x2  
  135  12:19  Viking x2  
  135  12:21  Thor  
  135  12:22  Hellion  
  143  12:23  Hellion  
  143  12:25  Hellion  
  143  12:26  Hellion  
  149  12:35  Viking x2  
  152  12:37  Hellion  
  152  12:43  Hellion  
  154  12:44  Hellion  
  154  12:47  Hellion x2  
  154  12:49  Viking x2  
  154  12:50  Starport  
  166  12:58  Hellion  
  166  13:04  Hellion  
  166  13:05  Viking x2  
  139  13:08  Hellion x2  
  134  13:19  Viking x2  
  138  13:23  Hellion x2  
  142  13:35  Viking x2  
  146  13:42  Viking  
  146  13:46  Starport  
  146  13:47  Starport  
  148  13:49  Viking  
  148  13:53  Siege Tank x2  
  148  13:54  Hellion x3, Viking  
  164  14:05  Viking  
  164  14:12  Viking  
  164  14:19  Viking  
  164  14:20  Hellion x2  
  170  14:26  Starport Reactor  
  170  14:28  Starport Reactor  
  170  14:29  Orbital Command  
  170  14:34  Siege Tank, Viking  
  170  14:35  Viking  
  170  14:37  Siege Tank  
  137  14:49  SCV x2  
  137  14:50  SCV  
  109  15:09  Siege Tank  
  109  15:14  Siege Tank  
  109  15:15  Hellion x3  
  109  15:18  SCV  
  109  15:20  SCV  
  120  15:29  Starport Reactor x2  
  120  15:30  Starport Reactor, SCV  
  120  15:35  Liberator x2  
  121  15:37  Hellion x2  
  121  15:41  Siege Tank  
  127  15:43  SCV  
  127  15:45  Orbital Command  
  127  15:46  Siege Tank  
  133  16:11  Liberator, Hellion  
  131  16:13  Siege Tank  
  131  16:18  Hellion x3  
  102  16:19  Siege Tank  
  102  16:21  Orbital Command  
  102  16:24  Orbital Command  
  101  16:32  Hellion  
  103  16:45  Siege Tank  
  103  16:51  Siege Tank  
  100  16:55  Hellion  
  102  17:05  Hellion  
  103  17:08  SCV x2  
  104  17:17  Siege Tank  
  104  17:18  Refinery  
  107  17:23  Siege Tank  
  107  17:24  Hellion  
  112  17:31  Liberator x2  
  112  17:32  SCV  
  112  17:35  SCV x3  
  116  17:43  Refinery x2  
  116  17:44  SCV  
  116  17:47  Refinery  
  116  17:49  Siege Tank  
  126  17:56  SCV  
  127  18:09  SCV  
  128  18:14  Siege Tank, Hellion  
  128  18:16  Hellion  
  131  18:21  Siege Tank, SCV  
  133  18:36  Hellion x3  
  133  18:37  Hellion  
  139  18:46  Siege Tank  
  124  18:51  Hellion x5  
  124  18:53  Siege Tank  
  107  18:57  Hellion x2  
  107  18:58  Hellion  
  107  18:59  Hellion  
  107  19:01  SCV x3  
  110  19:18  Siege Tank  
  110  19:19  Hellion x3  
  110  19:20  Hellion  
  113  19:25  Siege Tank  
  113  19:27  Viking x4  
  122  19:40  Hellion x3  
  122  19:41  Hellion  
  120  19:50  Siege Tank  
  93  19:58  Siege Tank  
  88  20:01  Hellion  
  88  20:02  Hellion x2  
  88  20:03  Hellion  
  80  20:22  Siege Tank  
  80  20:23  Hellion x3  
  80  20:24  Hellion  
  91  20:30  Siege Tank  
  81  20:44  Hellion x3  
  81  20:46  Hellion  
  85  20:54  Siege Tank  
  86  21:02  Siege Tank  
  87  21:06  Hellion  
  76  21:46  Orbital Command  
  53  22:33  SCV  
  54  22:45  SCV  
  53  22:57  SCV  
  54  22:59  Missile Turret  
  54  23:02  Missile Turret  
  54  23:05  Siege Tank  
  54  23:06  Siege Tank, Hellion x3  
  54  23:09  SCV  
  67  23:16  Viking x2  
  67  23:18  Viking, Orbital Command  
  67  23:38  Siege Tank  
Show
View Real Time Build Order
Export as new Build Order

KingKong Terran 

Build Orders: Liberator Opening, Reaper Expand, Bio Tank 

Get SALT Encoding   

  12  0:00  SCV  
  13  0:13  SCV  
  14  0:19  Supply Depot  
  14  0:25  SCV  
  15  0:30  Refinery  
  15  0:40  SCV  
  16  0:46  Barracks  
  16  0:53  SCV  
  17  1:05  SCV  
  18  1:17  SCV  
  19  1:32  Orbital Command  
  19  1:33  Reaper  
  20  1:45  Command Center  
  20  1:57  Factory  
  20  1:58  SCV  
  21  2:05  Refinery  
  21  2:11  SCV  
  21  2:12  Barracks Reactor  
  22  2:17  Supply Depot  
  22  2:19  Barracks Reactor  
  22  2:23  SCV  
  23  2:39  SCV  
  23  2:41  Widow Mine  
  26  2:51  SCV  
  26  2:52  Starport  
  26  2:57  Orbital Command  
  26  2:58  Marine x2  
  29  3:03  SCV  
  30  3:15  SCV  
  30  3:16  Marine x2  
  30  3:18  Liberator  
  35  3:26  SCV  
  34  3:27  SCV  
  37  3:38  SCV  
  37  3:40  SCV  
  40  3:50  SCV  
  40  3:52  SCV  
  40  3:54  Command Center  
  42  3:55  Marine  
  42  3:56  Marine  
  42  4:01  Supply Depot  
  42  4:02  SCV  
  45  4:05  Liberator  
  45  4:06  SCV  
  45  4:09  Barracks  
  46  4:19  Factory Tech Lab  
  46  4:21  Supply Depot  
  46  4:22  Marine  
  46  4:23  SCV x2  
  52  4:30  Barracks  
  52  4:31  Marine  
  52  4:35  SCV  
  52  4:37  Supply Depot  
  52  4:38  Supply Depot  
  54  4:42  SCV, Marine  
  56  4:46  Factory Tech Lab  
  56  4:47  SCV  
  56  4:49  Marine  
  56  4:52  Refinery  
  58  4:54  SCV  
  58  4:57  Liberator  
  59  5:00  Marine, Engineering Bay  
  59  5:03  SCV  
  59  5:06  Orbital Command  
  61  5:08  Marine  
  61  5:11  SCV  
  61  5:12  Stimpack  
  63  5:16  SCV  
  63  5:18  Factory Reactor, Marine  
  68  5:21  Engineering Bay  
  68  5:26  SCV, Terran Infantry Weapons Level 1  
  69  5:29  SCV  
  69  5:35  Combat Shields  
  70  5:36  Marine x2  
  70  5:42  SCV  
  73  5:44  Barracks  
  73  5:46  Barracks  
  73  5:47  SCV  
  73  5:48  Terran Infantry Armor Level 1  
  74  5:50  SCV  
  72  5:58  SCV  
  72  6:02  SCV  
  74  6:09  SCV  
  74  6:11  Marine x2, Marauder x2  
  80  6:14  Factory, Medivac  
  80  6:15  SCV  
  80  6:17  Supply Depot  
  80  6:18  SCV, Refinery  
  82  6:19  Supply Depot  
  82  6:21  Factory Tech Lab  
  82  6:23  SCV  
  83  6:27  SCV  
  83  6:30  SCV, Supply Depot  
  83  6:31  Supply Depot  
  85  6:35  Barracks Tech Lab  
  85  6:36  Armory, Barracks Reactor  
  85  6:39  SCV  
  86  6:40  SCV  
  86  6:42  SCV, Supply Depot  
  86  6:43  Supply Depot, Missile Turret  
  86  6:45  Marine x2  
  90  6:47  Missile Turret  
  90  6:50  Missile Turret  
  90  6:52  Medivac  
  90  6:54  SCV  
  93  6:57  SCV  
  93  7:01  SCV  
  92  7:04  Barracks Reactor  
  92  7:05  Refinery  
  92  7:06  SCV  
  92  7:07  Marine x4  
  97  7:10  Siege Tank  
  97  7:11  SCV, Missile Turret  
  97  7:15  SCV  
  102  7:18  SCV  
  103  7:26  SCV  
  103  7:31  Marauder  
  103  7:32  Siege Tank, Marauder  
  111  7:37  SCV  
  111  7:40  Medivac, Refinery  
  111  7:42  Marine x2  
  111  7:43  Marine  
  116  7:45  SCV x2  
  116  7:47  Supply Depot  
  118  7:53  Marauder  
  118  7:54  Medivac  
  121  8:01  SCV  
  121  8:05  Command Center  
  120  8:07  SCV x2, Engineering Bay  
  120  8:08  Engineering Bay  
  120  8:09  Marine x2  
  120  8:10  Siege Tank  
  127  8:13  SCV  
  127  8:19  SCV  
  129  8:20  SCV  
  129  8:23  Marine x6  
  129  8:25  SCV  
  137  8:27  Marine x2  
  137  8:28  Barracks  
  137  8:33  Widow Mine  
  140  8:34  SCV x2  
  141  8:44  Marine x2  
  141  8:46  Supply Depot  
  141  8:47  Siege Tank, SCV  
  145  8:52  Marine x4  
  145  8:55  Terran Infantry Weapons Level 2  
  149  8:58  Supply Depot  
  149  9:07  SCV, Marine x4  
  149  9:08  Supply Depot x2  
  154  9:13  Marine  
  155  9:19  Siege Tank  
  158  9:25  Marauder x2  
  158  9:28  Marine  
  144  9:32  Siege Tank  
  140  9:47  Marauder x2  
  140  9:48  Marine x4  
  140  9:51  Siege Tank  
  147  9:57  Marine x2  
  135  10:02  Barracks Reactor, Barracks  
  135  10:04  Cyclone  
  135  10:05  Marine  
  135  10:06  Terran Infantry Armor Level 2, Marine x3  
  136  10:08  Marauder  
  136  10:11  Marine  
  127  10:15  Marine  
  127  10:17  Marine  
  116  10:22  Barracks  
  116  10:23  Marine, Barracks  
  116  10:27  Marine x3  
  116  10:28  Medivac x2  
  119  10:29  Marine x2  
  119  10:33  Marine  
  119  10:35  Siege Tank, Marine  
  125  10:36  Terran Vehicle Weapons Level 1  
  125  10:42  Planetary Fortress  
  126  10:45  Siege Tank  
  126  10:46  Marine x4  
  126  10:47  Marine, Marauder  
  126  10:49  Marine x3  
  139  10:51  Marine  
  139  10:53  Marine  
  141  10:58  Medivac x2  
  141  11:00  Supply Depot  
  141  11:04  Marine x4  
  146  11:05  Marine  
  139  11:13  Marine x8  
  136  11:21  Marine  
  136  11:22  Marine x4  
  138  11:28  Medivac x2  
  138  11:30  Marine  
  138  11:31  Marine x5  
  146  11:33  Marine  
  146  11:39  Marine x4  
  143  11:40  Marine  
  143  11:46  Command Center  
  136  11:48  Marine  
  136  11:49  Barracks Reactor, Marine x3  
  136  11:50  Terran Infantry Weapons Level 3  
  136  11:51  Barracks Reactor, Marine  
  138  11:57  Marine x4  
  138  11:58  Marine, Medivac x2  
  147  12:06  Marine x2  
  145  12:09  Siege Tank x2  
  145  12:12  Marine  
  145  12:13  Marine x2  
  145  12:15  Marine x2  
  148  12:26  Terran Infantry Armor Level 3  
  148  12:27  Marine x2  
  148  12:28  Medivac x2  
  154  12:33  Marine x3  
  154  12:35  Marine  
  158  12:46  Marine x7  
  158  12:47  Marine x3  
  168  12:56  Marine x3  
  168  12:57  Marine  
  152  13:04  Marine x5  
  152  13:05  Marine  
  137  13:06  Marine x2  
  139  13:14  Barracks Reactor  
  139  13:16  Marine x6  
  145  13:22  Marine x2  
  145  13:23  Marine  
  148  13:33  Marine  
  148  13:34  Marine x5  
  132  13:44  Marine x3  
  128  13:51  Marine x3  
  121  14:03  Marine x3  
  123  14:14  Marine x3  
  111  14:21  Medivac  
  111  14:22  Medivac  
  113  14:32  Marine x2  
  113  14:36  Marine  
  113  14:37  Marine  
  114  14:51  Medivac  
  116  14:52  Medivac  
  104  15:14  Marine x2  
  104  15:18  Marine x6  
  104  15:20  Orbital Command  
  112  15:30  Planetary Fortress  
  112  15:43  Marine  
  112  15:44  Marine x5  
  118  15:50  Siege Tank x2  
  118  15:55  Marine x4  
  126  16:14  Marine  
  126  16:15  Marine x10  
  137  16:22  Siege Tank x2  
  143  16:31  Marine  
  130  16:34  Marine x7  
  135  16:40  Marine  
  135  16:42  Marine x7  
  127  16:48  Marine, Medivac x2  
  127  16:52  Marine x7  
  139  16:54  Siege Tank x2  
  139  16:58  Marine  
  139  17:00  Marine x6  
  152  17:03  Marine  
  152  17:06  Marine  
  143  17:09  Marine  
  143  17:10  Marine x6  
  146  17:16  Marine  
  146  17:17  Marine  
  146  17:18  Marine x5  
  146  17:21  Marine  
  145  17:24  Marine  
  145  17:25  Medivac x2  
  145  17:26  Siege Tank x2  
  145  17:27  Marine x3  
  145  17:28  Marine x4  
  162  17:37  Marine x7  
  162  17:39  Marine  
  162  17:42  Marine  
  159  17:57  Marine x8  
  133  18:12  Marine x5  
  127  18:19  Marine x2  
  103  18:41  Orbital Command  
  63  18:55  Orbital Command  
  44  19:20  Marine x2  
  46  19:30  Marine x4  
  50  19:37  Marine x6  
  56  19:41  Marine  
  56  19:44  Marine  
  56  19:45  Marine x4  
  62  19:49  Marine x3  
  62  19:51  Marine  
  62  19:55  Marine x2  
  60  20:03  Marine x7  
  67  20:09  Medivac  
  63  20:18  Marine x2  
  63  20:19  Medivac  
  64  20:22  Marine x6  
  62  20:35  Marine x2  
  61  20:42  Medivac  
  63  20:43  Marine  
  60  20:58  Marine x7  
  60  21:01  Marine  
  60  21:04  Marine  
  63  21:08  Marine  
  63  21:09  Marine  
  61  21:21  Marine  
  51  21:40  Marine  
  42  21:48  Marine x2  
  42  21:49  Orbital Command  
  39  22:26  Marine x2  
  39  22:29  Marine x2  
  42  22:30  Orbital Command  
  42  22:36  Marine x2  
  45  22:41  Marine  
  46  22:50  Marine x3  
  49  22:55  Marine  
  49  22:56  Marine  
  49  22:57  Marine  
  47  23:15  Viking  
  44  23:25  Marine x5, Viking  
  43  23:53  Marine x3  
Show
View Real Time Build Order
Export as new Build Order

PracticeX Terran - Winner!

Build Orders: Reaper Expand, Mech 

Get SALT Encoding   

  12  0:01  SCV  
  13  0:13  SCV  
  14  0:19  Supply Depot  
  14  0:25  SCV  
  15  0:41  SCV  
  16  0:42  Barracks  
  16  0:47  Refinery  
  16  0:53  SCV  
  17  1:05  SCV  
  18  1:17  SCV  
  19  1:31  Orbital Command  
  19  1:32  Reaper  
  20  1:47  Command Center  
  20  2:00  SCV, Supply Depot  
  21  2:05  Reaper  
  22  2:11  Refinery  
  22  2:12  SCV  
  23  2:24  SCV  
  23  2:26  Factory  
  24  2:43  Barracks Reactor  
  24  2:45  SCV  
  25  2:57  SCV  
  26  2:58  Orbital Command  
  26  3:09  SCV  
  26  3:19  Starport  
  25  3:21  SCV  
  26  3:28  SCV  
  26  3:33  SCV  
  28  3:40  SCV, Command Center  
  29  3:42  Cyclone x2  
  29  3:46  SCV  
  36  3:49  Supply Depot  
  36  3:52  SCV  
  37  3:58  SCV  
  37  4:00  Viking  
  40  4:04  SCV  
  40  4:09  Supply Depot  
  41  4:14  Hellion x2  
  45  4:20  Barracks Tech Lab  
  45  4:23  SCV  
  46  4:25  Factory  
  46  4:28  SCV  
  47  4:32  Starport Reactor  
  47  4:35  SCV, Engineering Bay  
  48  4:46  Supply Depot  
  48  4:48  SCV x2, Refinery  
  48  4:50  Refinery  
  50  5:00  SCV x2, Orbital Command  
  52  5:08  Missile Turret  
  52  5:15  Factory, SCV x2  
  52  5:16  Factory  
  54  5:23  Siege Tank  
  54  5:27  SCV x2  
  59  5:32  Hellion x2  
  63  5:39  SCV  
  63  5:41  Viking x2  
  68  5:45  Orbital Command  
  68  5:54  Hellion x2  
  68  5:56  Siege Tank  
  75  6:00  Factory Tech Lab x2  
  74  6:05  Supply Depot x2  
  74  6:08  SCV x2  
  75  6:15  Hellion x2  
  75  6:18  Factory  
  77  6:37  SCV x3  
  80  6:41  Armory  
  80  6:47  Armory  
  80  6:49  SCV x3, Viking x2  
  87  7:00  Siege Tank  
  87  7:01  Factory Reactor, SCV x3  
  93  7:08  Missile Turret  
  93  7:09  Missile Turret  
  93  7:10  Missile Turret  
  93  7:11  Refinery  
  93  7:12  Supply Depot, Refinery  
  93  7:13  SCV x2  
  95  7:17  Siege Tank  
  95  7:21  Supply Depot  
  98  7:26  Infernal Pre-Igniter, Hellion  
  100  7:34  Hellion  
  102  7:37  Supply Depot  
  102  7:38  SCV x3, Supply Depot  
  105  7:49  Terran Vehicle Weapons Level 1  
  105  7:50  SCV x3, Terran Vehicle And Ship Armor Level 1  
  108  7:52  Supply Depot  
  108  8:02  SCV x3, Viking  
  113  8:08  Siege Tank x2  
  119  8:15  Missile Turret  
  119  8:26  Command Center  
  119  8:33  Viking x2  
  123  8:37  Hellion  
  123  8:38  Hellion  
  119  8:42  Siege Tank x2  
  119  8:45  Siege Tank  
  128  8:56  Hellion x2  
  128  8:59  Hellion x2  
  128  9:14  Siege Tank x2  
  128  9:17  Hellion, Siege Tank  
  128  9:21  Hellion  
  127  9:25  Hellion  
  127  9:27  Hellion  
  102  9:39  Hellion  
  104  9:46  Siege Tank x2  
  104  9:49  Hellion x3, Siege Tank  
  111  9:57  Orbital Command  
  106  10:00  Hellion  
  105  10:10  Hellion x2  
  105  10:11  Hellion  
  107  10:18  Siege Tank  
  107  10:19  Siege Tank, Viking  
  106  10:21  Hellion  
  106  10:22  Siege Tank  
  106  10:28  Terran Vehicle Weapons Level 2  
  105  10:31  Hellion, Viking  
  105  10:32  Hellion x2  
  105  10:35  SCV x3  
  116  10:36  Orbital Command  
  114  10:43  Hellion  
  114  10:47  SCV x2  
  114  10:49  Viking  
  120  10:50  Siege Tank  
  120  10:51  Hellion  
  120  10:54  Siege Tank  
  120  10:56  Terran Vehicle And Ship Armor Level 2  
  128  11:01  Viking  
  114  11:12  Thor, Refinery  
  114  11:13  Hellion x2  
  114  11:15  Refinery  
  112  11:19  Viking  
  112  11:22  Thor  
  112  11:24  Hellion  
  119  11:28  Siege Tank  
  119  11:31  Viking  
  122  11:49  Hellion x2  
  126  11:55  Thor  
  132  12:02  Viking  
  132  12:03  Viking  
  132  12:05  Siege Tank  
  132  12:07  Thor  
  129  12:08  Supply Depot  
  129  12:09  Supply Depot  
  128  12:15  Supply Depot  
  126  12:26  Hellion x2  
  130  12:35  Viking x2  
  134  12:40  Siege Tank, Hellion  
  139  12:44  Terran Ship Weapons Level 1  
  139  12:45  Siege Tank  
  139  12:49  Hellion  
  144  12:56  Siege Tank, Hellion  
  135  13:04  Hellion  
  135  13:05  Viking x2  
  123  13:06  Orbital Command  
  123  13:12  Siege Tank  
  126  13:14  Hellion  
  126  13:18  Thor  
  134  13:26  Terran Vehicle Weapons Level 3  
  134  13:31  Hellion  
  132  13:40  Hellion  
  115  13:56  Hellion x2  
  115  13:59  Siege Tank  
  118  14:03  Hellion  
  118  14:04  Hellion  
  115  14:12  Siege Tank  
  115  14:16  Orbital Command  
  115  14:25  Siege Tank  
  115  14:31  Siege Tank  
  121  14:32  Hellion  
  119  14:44  Siege Tank  
  91  14:48  Viking  
  91  14:52  Viking  
  95  14:59  Siege Tank  
  92  15:03  Hellion  
  92  15:17  Thor  
  98  15:22  Hellion  
  98  15:27  Viking  
  98  15:28  Viking  
  104  15:34  Refinery  
  104  15:35  Refinery  
  104  15:36  Missile Turret  
  104  15:39  Hellion  
  109  15:42  Siege Tank  
  109  15:44  Hellion  
  111  15:54  Thor  
  117  16:00  Siege Tank  
  117  16:01  Hellion  
  117  16:02  SCV  
  117  16:03  SCV  
  120  16:11  Hellion  
  120  16:15  Siege Tank  
  125  16:22  SCV  
  123  16:34  Hellion  
  123  16:40  Thor  
  123  16:41  Siege Tank, Hellion  
  123  16:47  Siege Tank, Viking  
  127  17:02  Hellion x3  
  133  17:13  Thor  
  137  17:29  Thor  
  131  17:33  Viking x2  
  141  17:39  Supply Depot  
  141  17:40  Supply Depot  
  141  17:58  Thor  
  143  18:03  Viking x2  
  141  18:10  Hellion  
  142  18:15  Hellion  
  142  18:16  Hellion  
  142  18:33  Viking x2  
  146  18:39  Hellion  
  148  18:44  Siege Tank  
  137  18:54  Siege Tank  
  133  18:55  Hellion  
  120  19:03  Viking, Orbital Command  
  120  19:09  Hellion  
  122  19:36  Siege Tank  
  79  19:58  Viking  
  78  20:08  Siege Tank  
  78  20:09  Hellion  
  83  20:18  Siege Tank  
  86  20:32  Viking  
  88  20:39  SCV  
  83  20:51  SCV  
  83  20:57  Thor  
  82  21:00  SCV  
  87  21:07  Hellion  
  89  21:15  Orbital Command  
  89  21:16  Viking  
  180  21:18  Viking  
  91  21:24  Hellion  
  95  21:28  Siege Tank  
  98  21:36  Siege Tank  
  101  21:41  Hellion  
  101  21:43  Siege Tank  
  106  21:49  Liberator  
  106  21:50  Liberator  
  106  21:53  Hellion  
  108  21:56  Hellion  
  108  22:00  Siege Tank  
  119  22:14  Hellion  
  115  22:31  Hellion x3  
  115  22:34  Missile Turret  
  121  22:42  Hellion  
  123  22:54  Viking  
  123  22:56  Hellion  
  127  23:04  Hellion x2  
  127  23:05  Hellion x2  
  137  23:06  Hellion  
  131  23:24  Siege Tank  
  131  23:26  Hellion  
  136  23:30  Hellion  
  136  23:31  Hellion x3  
  144  23:43  Hellion  
  144  23:47  Hellion  
  140  23:53  Hellion  
  140  23:55  Refinery x2  
  142  23:56  Siege Tank  
  145  24:04  Hellion x2  
  149  24:13  Hellion  
Tags
 
Add a new tag
Caveats
  • Supply blocks, unpowered buildings, or Contaminate may cause inaccurate times.
  • Supply counts are checked every 10 seconds.